 Dungeon Crawl Stone Soup version 0.22-a0-44-geb883ae (webtiles) character file.

3663 KristoblXynda the Covert (level 10, -16/80 HPs)
             Began as a Naga Gladiator on Jan 6, 2018.
             Was a Priest of Okawaru.
             Demolished by an earth elemental (29 damage)
             ... summoned by a deep elf mage
             ... on level 8 of the Dungeon.
             The game lasted 00:16:10 (7468 turns).

KristoblXynda the Covert (Naga Gladiator)           Turns: 7468, Time: 00:16:11

Health: -16/80     AC: 13    Str: 21    XL:     10   Next: 12%
Magic:  10/10      EV: 11    Int: 12    God:    Okawaru [***...]
Gold:   380        SH:  4    Dex: 13    Spells: 9/9 levels left

rFire    . . .     SeeInvis +   t - +3 long sword (elec)
rCold    . . .     Gourm    .   s - +0 buckler
rNeg     . . .     Faith    .   i - +0 ring mail
rPois    +         Spirit   .   c - +0 helmet
rElec    .         Reflect  .   k - +1 cloak
rCorr    .         Harm     .   m - +2 pair of gloves
MR       +....                  (no barding)
Stlth    ++++......             (no amulet)
HPRegen  0.23/turn              z - ring of wizardry
MPRegen  0.12/turn              (no ring)

@: mighty, very slow
A: large, see invisible, deformed body, poison resistance, slowness 2, slow
metabolism 1, spit poison 1, AC +3
a: Spit Poison, Heroism, Renounce Religion


You were on level 8 of the Dungeon.
You worshipped Okawaru.
Okawaru was most pleased with you.
You were not hungry.

You visited 2 branches of the dungeon, and saw 9 of its levels.

You collected 380 gold pieces.

Inventory:

Hand Weapons
 b - a +3 scimitar
 t - a +3 long sword of electrocution (weapon)
Missiles
 d - 4 throwing nets
 y - 5 poisoned javelins (quivered)
Armour
 c - a +0 helmet (worn)
 i - a +0 ring mail (worn)
 k - a +1 cloak (worn)
 m - a +2 pair of gloves (worn)
 o - a +0 shield
 s - a +0 buckler (worn)
Jewellery
 z - a ring of wizardry (left hand)
Wands
 a - a wand of random effects (39)
 A - a wand of disintegration (20)
 C - a wand of paralysis (11)
Scrolls
 g - a scroll of teleportation
 p - a scroll of enchant armour {unknown}
 v - 3 scrolls of amnesia
 w - a scroll of remove curse {unknown}
Potions
 j - 2 potions of haste
 l - a potion of might
 n - a potion of brilliance
 q - a potion of invisibility
 D - a potion of mutation
Books
 u - a book of Air

   Spells                             Type                      Level
   a - Shock                          Conjuration/Air              1
   b - Swiftness                      Charms/Air                   2
   c - Static Discharge               Conjuration/Air              3
   d - Airstrike                      Air                          4
   e - Lightning Bolt                 Conjuration/Air              5
 B - a book of Clouds

   Spells                             Type                      Level
   a - Poisonous Vapours              Poison/Air                   2
   b - Mephitic Cloud                 Conjuration/Poison/Air       3
   c - Conjure Flame                  Conjuration/Fire             3
   d - Freezing Cloud                 Conjuration/Ice/Air          6
   e - Ring of Flames                 Charms/Fire                  7
Comestibles
 f - 5 rations


   Skills:
 - Level 2.0 Fighting
 + Level 7.6 Long Blades
 - Level 2.1 Throwing
 + Level 5.7 Armour
 - Level 5.5 Dodging
 - Level 10.3 Stealth
 - Level 3.1 Shields
 + Level 1.2 Invocations
 + Level 1.1 Evocations


You had 9 spell levels left.
You didn't know any spells.

Dungeon Overview and Level Annotations

Branches:
Dungeon (8/15)             Temple (1/1) D:5
   Lair: D:8-11

Altars:
Ashenzari
Cheibriados
Dithmenos
Elyvilon
Fedhas
Gozag
Kikubaaqudgha
Makhleb
Nemelex Xobeh
Okawaru
Qazlal
Ru
Sif Muna
Trog
Uskayaw
Vehumet
Wu Jian
Xom
Yredelemnul
Zin
The Shining One

Shops:
D:5 :   D:7 *


Innate Abilities, Weirdness & Mutations

You cannot wear boots.
Your serpentine skin is tough. (AC +3)
You have supernaturally acute eyesight. (SInv)
Armour fits poorly on your strangely shaped body.
Your system is resistant to poisons. (rPois)
You cover ground very slowly.
You have a slow metabolism.
You can spit poison.


Message History

The earth elemental disappears in a puff of smoke!
You block the earth elemental's attack. The deep elf mage barely misses you.
You riposte.
You hit the deep elf mage.
The deep elf mage is lightly wounded.
You feel better.
The earth elemental completely misses you.
Unknown command.
You slice the deep elf mage!!
Lightning courses through the deep elf mage!
The deep elf mage is almost dead.
The deep elf mage casts a spell.
The deep elf mage blinks!
The earth elemental hits you. You block the earth elemental's attack.
The earth elemental hits you!
* * * LOW HITPOINT WARNING * * *
The deep elf mage casts a spell.
The deep elf mage blinks!
Things that are here:
a mace; 20 gold pieces The earth elemental hits you!!
You die...

......... .......
###......
.........
#......#####
#......' ..#
#.....E# #.#
.#....E§###.#
.......@E.).#
........e...[#
...........#.#
...........#.#
....###.#....#
#......#..###
#.....(#.†#
#......#..#######
#......#........#


You could see 3 earth elementals and a deep elf mage.

Vanquished Creatures
  The ghost of bomboozling the Insei, a novice GnTm of Cheibriados (D:8)
  Pikel (D:4)
  A centaur zombie (D:8)
  A hell hound (D:8)
  An ice beast (D:7)
  3 sky beasts
  3 ogres
  2 phantoms
  3 centaurs
  A scorpion (D:5)
  4 killer bees (D:8)
  A howler monkey (D:6)
  3 wights (D:7)
  4 crimson imps
  3 jellies
  An orc priest (D:6)
  A gnoll shaman (D:7)
  2 orc wizards
  2 iguanas
  3 worker ants
  A hound zombie (D:6)
  A hound skeleton (D:7)
  A worker ant zombie (D:8)
  2 adders (D:2)
  14 gnolls
  2 shadow imps
  An ooze (D:6)
  2 adder zombies
  2 worms (D:3)
  6 leopard geckos
  16 orcs
  2 giant cockroaches
  9 goblins
  6 hobgoblins
  9 jackals
  A quokka (D:7)
  2 ball pythons
  A ball python skeleton (D:3)
  4 bats
  4 frilled lizards
  A giant cockroach zombie (D:5)
  7 kobolds
  A leopard gecko skeleton (D:7)
  17 rats
  A plant (D:7)
154 creatures vanquished.

Vanquished Creatures (others)
  A slave (D:6)
  An orc priest (D:6)
  An orc wizard (D:6)
  An adder (D:4)
  2 orcs (D:6)
6 creatures vanquished.

Grand Total: 160 creatures vanquished

Notes
Turn   | Place    | Note
-------+----------+-------------------------------------------
     0 | D:1      | KristoblXynda the Naga Gladiator began the quest for the Orb.
     0 | D:1      | Reached XP level 1. HP: 19/19 MP: 1/1
   202 | D:1      | Reached XP level 2. HP: 8/26 MP: 2/2
  1153 | D:1      | Reached XP level 3. HP: 32/32 MP: 3/3
  1157 | D:1      | Reached skill level 1 in Armour
  1233 | D:2      | Reached skill level 1 in Stealth
  1938 | D:2      | Found a shadowy altar of Dithmenos.
  1960 | D:2      | Reached XP level 4. HP: 39/39 MP: 4/4
  1967 | D:2      | Reached skill level 2 in Stealth
  2671 | D:3      | Reached XP level 5. HP: 32/45 MP: 5/5
  2715 | D:3      | Reached skill level 3 in Stealth
  3060 | D:4      | Noticed a slave
  3078 | D:4      | Found a glowing golden altar of the Shining One.
  3202 | D:4      | Noticed a sky beast
  3221 | D:4      | Killed a sky beast
  3221 | D:4      | Reached skill level 4 in Stealth
  3221 | D:4      | Reached skill level 1 in Shields
  3221 | D:4      | Reached XP level 6. HP: 23/52 MP: 6/6
  3443 | D:4      | Noticed a slave
  3445 | D:4      | Noticed Pikel
  3461 | D:4      | Noticed a slave
  3462 | D:4      | Noticed a slave
  3468 | D:4      | Killed Pikel
  3468 | D:4      | Reached skill level 5 in Long Blades
  3468 | D:4      | Reached skill level 6 in Stealth
  3468 | D:4      | Reached XP level 7. HP: 34/60 MP: 7/7
  4001 | D:5      | Entered Level 5 of the Dungeon
  4018 | D:5      | Reached XP level 8. HP: 65/67 MP: 8/8
  4052 | D:5      | Found an ornate altar of the Wu Jian Council.
  4658 | D:5      | Found a staircase to the Ecumenical Temple.
  4667 | Temple   | Entered the Ecumenical Temple
  4853 | Temple   | Became a worshipper of Warmaster Okawaru
  4974 | D:5      | Found Meonluwk's Book Shop.
  5273 | D:6      | Reached skill level 7 in Stealth
  5875 | D:6      | Found a white marble altar of Elyvilon.
  5876 | D:6      | Found a glowing golden altar of the Shining One.
  5877 | D:6      | Found a glowing silver altar of Zin.
  6093 | D:7      | Reached * piety under Okawaru
  6429 | D:7      | Reached skill level 8 in Stealth
  6429 | D:7      | Reached XP level 9. HP: 53/73 MP: 9/9
  6975 | D:7      | Found Toonnoor's Assorted Antiques.
  7130 | D:8      | Reached ** piety under Okawaru
  7133 | D:8      | Reached skill level 9 in Stealth
  7135 | D:8      | Noticed bomboozling's ghost (novice GnTm)
  7155 | D:8      | Killed bomboozling's ghost
  7155 | D:8      | Reached skill level 5 in Armour
  7155 | D:8      | Reached skill level 5 in Dodging
  7167 | D:8      | Reached *** piety under Okawaru
  7167 | D:8      | Reached skill level 10 in Stealth
  7235 | D:8      | Reached XP level 10. HP: 34/80 MP: 10/10
  7331 | D:8      | Reached skill level 1 in Invocations
  7438 | D:8      | Noticed a deep elf mage
  7447 | D:8      | Reached skill level 1 in Evocations
  7468 | D:8      | Demolished by an earth elemental

Vault maps used:
D:1:      eino_arrival_water_cross
D:2:      nicolae_dithmenos_shadow_blocks, grunt_ministairs_10
D:3:      due_unseen_surprise
D:4:      first_ration, nicolae_tso_swordbearing_angel, uniq_pikel
D:5:      nicolae_overflow_crystal_walls, minmay_temple_entry_poolview,
          serial_shops, nicolae_shop_stone
D:6:      good_gods_temple_1
D:7:      serial_shops, nicolae_shop_overgrown_old_shop
D:8:      minmay_lair_entry_lava
Temple:   eino_temple_rhombus

Skill      XL: |  1  2  3  4  5  6  7  8  9 10 |
---------------+-------------------------------+-----
Throwing       | 2 |  2.1
Armour         | 1 2 3 4 5 |  5.7
Stealth        | 1 2 4 6 8 10 | 10.3
Dodging        | 3 4 5 |  5.5
Long Blades    | 4 5 6 7 |  7.6
Shields        | 1 2 3 |  3.1
Invocations    | 1 |  1.2
Evocations     | 1 |  1.1
Fighting       | |  2.0

Action                   |  1- 3 |  4- 6 |  7- 9 | 10-12 || total
-------------------------+-------+-------+-------+-------++-------
Melee: Long sword        |    93 |   144 |   380 |    31 ||   648
Throw: Javelin           |       |       |     4 |       ||     4
 Abil: Spit Poison       |     4 |    15 |    15 |     6 ||    40
  Use: Scroll            |       |     3 |    12 |       ||    15
       Potion            |       |     1 |     3 |     5 ||     9
 Stab: Sleeping          |       |     1 |     6 |       ||     7
  Eat: Ration            |     1 |     1 |     3 |       ||     5
       Chunk             |       |     2 |     2 |       ||     4
Armor: Leather armour    |    18 |       |       |       ||    18
       Ring mail         |    24 |    75 |   156 |    12 ||   267
       Skin              |       |       |    39 |       ||    39
Dodge: Dodged            |    76 |    59 |   147 |    20 ||   302
Block: Buckler           |       |    15 |    75 |    11 ||   101
       Rpst.: Long sword |    26 |    16 |    44 |     5 ||    91

Table legend:
 A = Spawn XP
 B = Non-spawn XP
 C = Spawn XP percentage of total XP
 D = Spawn monster count
 E = Non-spawn monster count
 F = Spawn count percentage of total count
 G = Total turns spent on level
                    A         B        C        D         E        F      G
               +---------+---------+-------+---------+---------+-------+---------
         Total |       0 |    5233 |   0.0 |       0 |     153 |   0.0 |  7468
               +---------+---------+-------+---------+---------+-------+---------
           D:1 |       0 |      41 |   0.0 |       0 |      26 |   0.0 |  1212
           D:2 |       0 |      86 |   0.0 |       0 |      17 |   0.0 |  1089
           D:3 |       0 |     101 |   0.0 |       0 |      27 |   0.0 |   749
           D:4 |       0 |     946 |   0.0 |       0 |      10 |   0.0 |   951
           D:5 |       0 |     348 |   0.0 |       0 |       6 |   0.0 |   852
           D:6 |       0 |     350 |   0.0 |       0 |      22 |   0.0 |   982
           D:7 |       0 |    1116 |   0.0 |       0 |      24 |   0.0 |  1089
           D:8 |       0 |    2245 |   0.0 |       0 |      21 |   0.0 |   346
               +---------+---------+-------+---------+---------+-------+---------
